MWL (24 & UNDER)
COLUMBIA 08S @ WISCONSIN RAPIDS RANGERS
09/15/2024
 
TOP OF THE 1ST
Columbia 08s batting - Pitching for Wisconsin Rapids Rangers : RHP Chuck Plummer
Pitching: RHP Chuck Plummer
Batting: RHB Ben Barker 0-0: Ball
1-0: Called Strike
1-1: Ball
2-1: Swinging Strike
2-2: Strikes out swinging
Batting: RHB Juan Trujillo 0-0: Ball
1-0: Ball
2-0: Foul Ball, location: 2F
2-1: Ball
3-1: Base on Balls
Batting: LHB Ramiro Muñóz 0-0: Fly out, F2 (Popup, 2L)
Batting: RHB Pat Fernández 0-0: Called Strike
0-1: Ball
Juan Trujillo steals 2nd base
1-1: SINGLE (Line Drive, 4MD)
Juan Trujillo to third
Runner from 3rd tries for Home, SAFE, no throw or cutoff
Batting: SHB Jorge Rodríguez 0-0: Called Strike
0-1: Swinging Strike
0-2: Ball
1-2: Ball
2-2: Fly out, F8 (Flyball, 8RM)
Top of the 1st over - 1 run(s), 1 hit(s), 0 error(s), 1 left on base; Columbia 1 - Wisconsin Rapids 0
BOTTOM OF THE 1ST
Wisconsin Rapids Rangers batting - Pitching for Columbia 08s : LHP León Hernández
Pitching: LHP León Hernández
Batting: RHB Troy Reed 0-0: Called Strike
0-1: Ball
1-1: Ball
2-1: SINGLE (Flyball, 89S)
Batting: SHB Ricardo Arévalo 0-0: Ball
1-0: Foul Ball, location: 2F
1-1: Ball
2-1: Ball
3-1: DOUBLE (Line Drive, 7LS)
Troy Reed to third
Batting: RHB Andrés Bustamante 0-0: Ball
1-0: Ball
2-0: Called Strike
2-1: Ball
3-1: Base on Balls
Batting: RHB Danny Campbell 0-0: DOUBLE (Line Drive, 34D)
Troy Reed scores
Ricardo Arévalo scores
Andrés Bustamante to third
Batting: RHB John Denton 0-0: Ball
1-0: Called Strike
1-1: Foul Ball, location: 2F
1-2: SINGLE (Groundball, 34D) (infield hit)
Andrés Bustamante scores
Danny Campbell to third
Batting: RHB Paul Richard 0-0: Called Strike
John Denton is caught stealing 2nd base
0-1: Called Strike
0-2: Ball
1-2: Ball
2-2: Ball
3-2: SINGLE (Popup, 78S)
Danny Campbell scores
Batting: LHB Alex Henderson 0-0: Called Strike
0-1: Ball
1-1: Fielders Choice at 2nd, 1-6 (Groundball, 13)
Batting: LHB Ramón Córdova 0-0: Ball
1-0: Ball
2-0: Ball
3-0: Foul Ball, location: 2F
3-1: Base on Balls
Alex Henderson to second
Batting: RHB Robert Acosta 0-0: Foul Ball, location: 2F
0-1: Foul Ball, location: 2F
0-2: Ball
1-2: Strikes out swinging
Bottom of the 1st over - 4 run(s), 5 hit(s), 0 error(s), 2 left on base; Columbia 1 - Wisconsin Rapids 4
TOP OF THE 2ND
Columbia 08s batting - Pitching for Wisconsin Rapids Rangers : RHP Chuck Plummer
Batting: RHB Pedro López 0-0: Ball
1-0: Ball
2-0: Ball
3-0: Base on Balls
Batting: RHB Chris Burrell 0-0: Swinging Strike
0-1: Ball
1-1: Called Strike
1-2: Foul Ball, location: 2F
1-2: Ball
2-2: Strikes out looking
Batting: RHB Danny Johnston 0-0: Ball
1-0: Foul Ball, location: 2F
1-1: Foul Ball, location: 2F
1-2: Strikes out swinging
Batting: RHB León Hernández 0-0: Called Strike
0-1: Swinging Strike
0-2: Ball
1-2: Fly out, F2 (Popup, 23F)
Top of the 2nd over - 0 run(s), 0 hit(s), 0 error(s), 1 left on base; Columbia 1 - Wisconsin Rapids 4
BOTTOM OF THE 2ND
Wisconsin Rapids Rangers batting - Pitching for Columbia 08s : LHP León Hernández
Batting: RHB Troy Reed 0-0: Ball
1-0: Called Strike
1-1: SINGLE (Line Drive, 6D)
Batting: SHB Ricardo Arévalo 0-0: Called Strike
0-1: Foul Ball, location: 2F
0-2: Fly out, F4 (Popup, 4S)
Batting: RHB Andrés Bustamante 0-0: Ball
1-0: Called Strike
1-1: Ball
2-1: Ball
3-1: Grounds into double play, 5-4-3 (Groundball, 56)
Bottom of the 2nd over - 0 run(s), 1 hit(s), 0 error(s), 0 left on base; Columbia 1 - Wisconsin Rapids 4
TOP OF THE 3RD
Columbia 08s batting - Pitching for Wisconsin Rapids Rangers : RHP Chuck Plummer
Batting: RHB Ben Barker 0-0: Called Strike
0-1: Swinging Strike
0-2: Ball
1-2: Strikes out swinging
Batting: RHB Juan Trujillo 0-0: Swinging Strike
0-1: Called Strike
0-2: Strikes out looking
Batting: LHB Ramiro Muñóz 0-0: Ball
1-0: Called Strike
1-1: Ball
2-1: Foul Ball, location: 2F
2-2: Ball
3-2: Strikes out swinging
Top of the 3rd over - 0 run(s), 0 hit(s), 0 error(s), 0 left on base; Columbia 1 - Wisconsin Rapids 4
BOTTOM OF THE 3RD
Wisconsin Rapids Rangers batting - Pitching for Columbia 08s : LHP León Hernández
Batting: RHB Danny Campbell 0-0: Called Strike
0-1: Ground out U3 (Groundball, 3S)
Batting: RHB John Denton 0-0: Ground out 4-3 (Groundball, 4M)
Batting: RHB Paul Richard 0-0: Foul Ball, location: 2F
0-1: Called Strike
0-2: Ball
1-2: Ball
2-2: Fly out, F9 (Flyball, 89D)
Bottom of the 3rd over - 0 run(s), 0 hit(s), 0 error(s), 0 left on base; Columbia 1 - Wisconsin Rapids 4
TOP OF THE 4TH
Columbia 08s batting - Pitching for Wisconsin Rapids Rangers : RHP Chuck Plummer
Batting: RHB Pat Fernández 0-0: Ball
1-0: Swinging Strike
1-1: Foul Ball, location: 2F
1-2: Foul Ball, location: 2F
1-2: Ball
2-2: Ball
3-2: Base on Balls
Batting: SHB Jorge Rodríguez 0-0: Ball
1-0: Foul Ball, location: 2F
1-1: Swinging Strike
1-2: Foul Ball, location: 2F
1-2: Strikes out looking
Batting: RHB Pedro López 0-0: Ball
1-0: Swinging Strike
1-1: Ball
2-1: Ball
3-1: Foul Ball, location: 2F
3-2: Strikes out swinging
Batting: RHB Chris Burrell 0-0: Fielders Choice at 2nd, U6 (Groundball, 6M)
Top of the 4th over - 0 run(s), 0 hit(s), 0 error(s), 1 left on base; Columbia 1 - Wisconsin Rapids 4
BOTTOM OF THE 4TH
Wisconsin Rapids Rangers batting - Pitching for Columbia 08s : LHP León Hernández
Batting: LHB Alex Henderson 0-0: Swinging Strike
0-1: Ground out U3 (Groundball, 3L)
Batting: LHB Ramón Córdova 0-0: Called Strike
0-1: Ground out 1-3 (Groundball, 15)
Batting: RHB Robert Acosta 0-0: Ground out 5-3 (Groundball, 5S)
Bottom of the 4th over - 0 run(s), 0 hit(s), 0 error(s), 0 left on base; Columbia 1 - Wisconsin Rapids 4
TOP OF THE 5TH
Columbia 08s batting - Pitching for Wisconsin Rapids Rangers : RHP Chuck Plummer
Batting: RHB Danny Johnston 0-0: Swinging Strike
0-1: Called Strike
0-2: Strikes out swinging
Batting: RHB León Hernández 0-0: Ball
1-0: Foul Ball, location: 2F
1-1: Ball
2-1: Foul Ball, location: 2F
2-2: DOUBLE (Groundball, 5L)
Batting: RHB Ben Barker 0-0: Foul Ball, location: 2F
0-1: Called Strike
0-2: Strikes out swinging
Batting: RHB Juan Trujillo 0-0: Ground out 5-3 (Groundball, 56)
Top of the 5th over - 0 run(s), 1 hit(s), 0 error(s), 1 left on base; Columbia 1 - Wisconsin Rapids 4
BOTTOM OF THE 5TH
Wisconsin Rapids Rangers batting - Pitching for Columbia 08s : LHP León Hernández
Batting: RHB Troy Reed 0-0: Fly out, F9 (Flyball, 9M)
Batting: SHB Ricardo Arévalo 0-0: Ball
1-0: Fly out, F6 (Popup, 4MS)
Batting: RHB Andrés Bustamante 0-0: Swinging Strike
0-1: Ball
1-1: Foul Ball, location: 2F
1-2: Ball
2-2: Ball
3-2: Strikes out swinging
Bottom of the 5th over - 0 run(s), 0 hit(s), 0 error(s), 0 left on base; Columbia 1 - Wisconsin Rapids 4
TOP OF THE 6TH
Columbia 08s batting - Pitching for Wisconsin Rapids Rangers : RHP Chuck Plummer
Pitching: RHP Christian Adkins
Batting: LHB Ramiro Muñóz 0-0: Foul Ball, location: 2F
0-1: Ground out 4-3 (Groundball, 4)
Batting: RHB Pat Fernández 0-0: SINGLE (Line Drive, 4MD)
Batting: SHB Jorge Rodríguez 0-0: Called Strike
0-1: Foul Ball, location: 2F
0-2: Ball
1-2: SINGLE (Line Drive, 4D)
Pat Fernández to second
Batting: RHB Pedro López 0-0: Called Strike
0-1: Called Strike
0-2: Fly out, F9 (Line Drive, 9M)
Batting: RHB Chris Burrell 0-0: Ball
1-0: Ball
2-0: Swinging Strike
2-1: Called Strike
2-2: Ball
3-2: Base on Balls
Pat Fernández to third
Jorge Rodríguez to second
Batting: RHB Danny Johnston 0-0: Called Strike
0-1: Called Strike
0-2: Ball
1-2: Foul Ball, location: 2F
1-2: SINGLE (Groundball, 6M)
Pat Fernández scores
Jorge Rodríguez to third
Chris Burrell to second
Runner from 3rd tries for Home, SAFE, no throw or cutoff
Batting: RHB León Hernández 0-0: Called Strike
0-1: Fly out, F3 (Popup, 23)
Top of the 6th over - 2 run(s), 3 hit(s), 0 error(s), 2 left on base; Columbia 3 - Wisconsin Rapids 4
BOTTOM OF THE 6TH
Wisconsin Rapids Rangers batting - Pitching for Columbia 08s : LHP León Hernández
Batting: RHB Danny Campbell 0-0: DOUBLE (Line Drive, 9LM)
Batting: RHB John Denton 0-0: Called Strike
0-1: Foul Ball, location: 2F
0-2: Ball
Reached via error on a dropped throw, E3
Danny Campbell to third
Batting: RHB Paul Richard 0-0: Called Strike
0-1: Called Strike
0-2: Strikes out looking
Batting: LHB Alex Henderson 0-0: Hit by Pitch
John Denton to second
Batting: LHB Ramón Córdova 0-0: Called Strike
0-1: Swinging Strike
0-2: Ball
1-2: Ball
2-2: Strikes out swinging
Batting: RHB Robert Acosta 0-0: Swinging Strike
0-1: Ball
1-1: SINGLE (Line Drive, 4D)
Danny Campbell scores
John Denton to third
Alex Henderson to second
Pitching: RHP Errol Murphy
Batting: RHB Troy Reed 0-0: Ball
1-0: Ball
2-0: GRAND SLAM HOME RUN (Flyball, 9D), Distance : 344 ft
Batting: SHB Ricardo Arévalo 0-0: Ball
1-0: Called Strike
1-1: Foul Ball, location: 2F
1-2: Fly out, F7 (Flyball, 7LS)
Bottom of the 6th over - 5 run(s), 3 hit(s), 1 error(s), 0 left on base; Columbia 3 - Wisconsin Rapids 9
TOP OF THE 7TH
Columbia 08s batting - Pitching for Wisconsin Rapids Rangers : RHP Christian Adkins
Batting: RHB Ben Barker 0-0: Ground out 6-3 (Groundball, 6)
Batting: RHB Juan Trujillo 0-0: Called Strike
0-1: Ball
1-1: Foul Ball, location: 2F
1-2: Foul Ball, location: 2F
1-2: Strikes out looking
Batting: LHB Ramiro Muñóz 0-0: Swinging Strike
0-1: Ball
1-1: Called Strike
1-2: Ball
2-2: Strikes out swinging
Top of the 7th over - 0 run(s), 0 hit(s), 0 error(s), 0 left on base; Columbia 3 - Wisconsin Rapids 9
BOTTOM OF THE 7TH
Wisconsin Rapids Rangers batting - Pitching for Columbia 08s : RHP Errol Murphy
Batting: RHB Andrés Bustamante 0-0: Called Strike
0-1: Foul Ball, location: 2F
0-2: Fly out, F8 (Flyball, 78XD)
Batting: RHB Danny Campbell 0-0: Ground out 4-3 (Groundball, 4)
Batting: RHB John Denton 0-0: Foul Ball, location: 2F
0-1: Swinging Strike
0-2: Ball
1-2: Foul Ball, location: 2F
1-2: Ball
2-2: Strikes out swinging
Bottom of the 7th over - 0 run(s), 0 hit(s), 0 error(s), 0 left on base; Columbia 3 - Wisconsin Rapids 9
TOP OF THE 8TH
Columbia 08s batting - Pitching for Wisconsin Rapids Rangers : RHP Christian Adkins
Pitching: RHP Jack Hampton
Batting: RHB Pat Fernández 0-0: SINGLE (Groundball, 6D)
Batting: SHB Jorge Rodríguez 0-0: Ball
1-0: Ball
2-0: Grounds into double play, 6-4-3 (Groundball, 6)
Batting: RHB Pedro López 0-0: Called Strike
0-1: Ball
1-1: Swinging Strike
1-2: Foul Ball, location: 2F
1-2: Strikes out swinging
Top of the 8th over - 0 run(s), 1 hit(s), 0 error(s), 0 left on base; Columbia 3 - Wisconsin Rapids 9
BOTTOM OF THE 8TH
Wisconsin Rapids Rangers batting - Pitching for Columbia 08s : RHP Errol Murphy
Batting: RHB Paul Richard 0-0: Fly out, F7 (Flyball, 7LM)
Batting: LHB Alex Henderson 0-0: Called Strike
0-1: Foul Ball, location: 2F
0-2: Ball
1-2: Ball
2-2: Foul Ball, location: 2F
2-2: Foul Ball, location: 2F
2-2: Strikes out swinging
Batting: LHB Ramón Córdova 0-0: Foul Ball, location: 2F
0-1: Ball
1-1: Swinging Strike
1-2: Foul Ball, location: 2F
1-2: Strikes out swinging
Bottom of the 8th over - 0 run(s), 0 hit(s), 0 error(s), 0 left on base; Columbia 3 - Wisconsin Rapids 9
TOP OF THE 9TH
Columbia 08s batting - Pitching for Wisconsin Rapids Rangers : RHP Jack Hampton
Batting: RHB Chris Burrell 0-0: Ball
1-0: Ground out 5-3 (Groundball, 5)
Batting: RHB Danny Johnston 0-0: Called Strike
0-1: Called Strike
0-2: Strikes out looking
Batting: RHB León Hernández 0-0: Foul Ball, location: 2F
0-1: Foul Ball, location: 2F
0-2: Ball
1-2: Foul Ball, location: 2F
1-2: Foul Ball, location: 2F
1-2: Strikes out looking
Top of the 9th over - 0 run(s), 0 hit(s), 0 error(s), 0 left on base; Columbia 3 - Wisconsin Rapids 9
This league is powered by Out of the Park Baseball, the baseball management simulation game for PC, Mac and Linux
Saturday, April 9th, 2016 - OOTP Baseball 16.8 Build 38